 Dungeon Crawl Stone Soup version 0.22.1-5-g62c59d9 (webtiles) character file.

116 corax the Skirmisher (level 4, 0/37 HPs)
             Began as a Mummy Fighter on Jan 11, 2019.
             Slain by a gnoll
             ... wielding a +0 spear
              (1 damage)
             ... on level 2 of the Dungeon.
             The game lasted 00:04:55 (2177 turns).

corax the Skirmisher (Mummy Fighter)                Turns: 2177, Time: 00:04:56

Health: 0/37       AC:  5    Str: 20    XL:     4   Next: 69%
Magic:  4/4        EV:  8    Int:  7    God:
Gold:   79         SH:  9    Dex: 11    Spells: 3/3 levels left

rFire    x . .     SeeInvis .   a - +0 long sword
rCold    + + .     Gourm    .   c - +0 shield
rNeg     + + +     Faith    .   e - +2 leather armour {rC+}
rPois    ∞         Spirit   .   (no helmet)
rElec    .         Reflect  .   (no cloak)
rCorr    .         Harm     .   (no gloves)
MR       .....                  (no boots)
Stlth    +.........             (no amulet)
HPRegen  0.12/turn              (no ring)
MPRegen  0.09/turn              (no ring)

@: no status effects
A: no food or potions, fire vulnerability, cold resistance 1, negative energy
resistance 3, torment resistance, unbreathing
a: no special abilities


You were on level 2 of the Dungeon.
You were not hungry.

You visited 1 branch of the dungeon, and saw 3 of its levels.

You collected 79 gold pieces.

Inventory:

Hand Weapons
 a - a +0 long sword (weapon)
Armour
 c - a +0 shield (worn)
 e - a +2 leather armour of cold resistance (worn)
Scrolls
 b - 2 scrolls of remove curse {unknown}
 d - a scroll of enchant weapon {unknown}
 f - a scroll of identify {unknown}
 g - 3 scrolls of teleportation {unknown}
 h - 2 scrolls of immolation {unknown}


   Skills:
 + Level 3.8 Fighting
 + Level 2.4 Long Blades
 + Level 3.1 Armour
 + Level 3.0 Shields


You had 3 spell levels left.
You didn't know any spells.
Your spell library was empty.

Dungeon Overview and Level Annotations

Branches:
Dungeon (3/15)

Altars:
Wu Jian


Innate Abilities, Weirdness & Mutations

You do not eat or drink.
Your flesh is vulnerable to fire.
You are immune to poison.
Your flesh is cold resistant. (rC+)
You are immune to negative energy. (rN+++)
You are immune to unholy pain and torment.
You can survive without breathing.


Message History

You barely miss the gnoll. The gnoll hits you with a club.
The gnoll hits you from afar with a spear.
* * * LOW HITPOINT WARNING * * *
You hit the gnoll but do no damage.
The gnoll hits you from afar with a spear.
* * * LOW HITPOINT WARNING * * *
The gnoll hits you with a club.
* * * LOW HITPOINT WARNING * * *
You hit the gnoll.
The gnoll is moderately wounded.
You block the gnoll's attack. The gnoll barely misses you.
You riposte.
You hit the gnoll.
The gnoll is heavily wounded.
The gnoll hits you from afar with a spear.
* * * LOW HITPOINT WARNING * * *
You hit the gnoll but do no damage.
The gnoll is heavily wounded.
You block the gnoll's attack.
The gnoll hits you from afar with a spear.
You die...

### ### ###.###.###
#.......#..
#.#####.#.######### ##
#.# #.#.#...g...... .#
#.###.#.#..########
.###.....#.#..g.@g...#
...†.#...#.#.#######'#
.#####.#...#.#
.......#.#.#.#
.#######.###.#
.....#.....#.#
.###.#.#.#.#.# #.....#
.#...#.#.#.#.# #w....+
.#.###.#.#.#.######..gS.#


You could see 2 gnolls.

Vanquished Creatures
  2 gnolls (D:2)
  3 adders (D:2)
  An ooze (D:1)
  4 dart slugs
  A leopard gecko (D:1)
  6 bats
  4 giant cockroaches
  7 hobgoblins
  3 jackals (D:2)
  A quokka (D:2)
  A ball python (D:1)
  7 frilled lizards
  6 goblins
  6 kobolds
  7 rats
59 creatures vanquished.

Notes
Turn   | Place    | Note
-------+----------+-------------------------------------------
     0 | D:1      | corax the Mummy Fighter began the quest for the Orb.
     0 | D:1      | Reached XP level 1. HP: 18/18 MP: 1/1
   437 | D:1      | Reached XP level 2. HP: 24/24 MP: 2/2
   997 | D:1      | Reached XP level 3. HP: 29/29 MP: 3/3
  1230 | D:2      | Found an ornate altar of the Wu Jian Council.
  1809 | D:2      | Reached XP level 4. HP: 25/36 MP: 4/4
  2176 | D:2      | HP: 1/37 [gnoll/spear (3)]
  2177 | D:2      | Slain by a gnoll

Skill      XL: |  1  2  3  4 |
---------------+-------------+-----
Long Blades    | 2 |  2.4
Armour         | 3 |  3.1
Shields        | 3 |  3.0
Fighting       | |  3.8

Action                   |  1- 3 |  4- 6 || total
-------------------------+-------+-------++-------
Melee: Long sword        |   139 |    50 ||   189
Armor: Scale mail        |    20 |       ||    20
       Leather armour    |    38 |    24 ||    62
Dodge: Dodged            |    49 |    12 ||    61
Block: Shield            |    78 |    25 ||   103
       Rpst.: Long sword |    13 |     3 ||    16
